 Dungeon Crawl Stone Soup version bcrawl-1.19.2-6-g6a88ae04c9 (webtiles) character file.

Game seed: 1199280819399442702

454 Freyura the Twirler (level 6, -3/48 HPs)
             Began as a Demonspawn Gladiator on Dec 22, 2019.
             Slain by an ogre
             ... wielding a +0 giant club
              (21 damage)
             ... on level 4 of the Dungeon.
             The game lasted 00:13:21 (3970 turns).

Freyura the Twirler (Demonspawn Gladiator)          Turns: 3970, Time: 00:13:22

Health: -3/48      AC:  9    Str: 15    XL:     6   Next: 76%
Magic:  6/6        EV: 17    Int:  9    God:
Gold:   335        SH:  0    Dex: 21    Spells: 5/5 levels left

rFire    . . .     SeeInvis .   a - +0 quarterstaff
rCold    . . .     Gourm    .   (shield currently unavailable)
rNeg     . . .     Faith    .   q - +0 scale mail
rPois    .         Spirit   .   c - +0 helmet
rElec    +         Reflect  .   (no cloak)
rCorr    .         Harm     .   g - +0 pair of gloves
MR       .....                  (no boots)
Stlth    +.........             (no amulet)
HPRegen  0.16/turn              o - +1 ring of protection
MPRegen  0.10/turn              s - ring of insulation

@: agile
A: talons 1, powered by death 1
a: no special abilities


You were on level 4 of the Dungeon.
You were not hungry.

You visited 1 branch of the dungeon, and saw 4 of its levels.

You collected 335 gold pieces.

Inventory:

Hand Weapons
 a - a +0 quarterstaff (weapon)
Missiles
 d - 3 throwing nets (quivered) {!f}
Armour
 c - a +0 helmet (worn)
 g - a +0 pair of gloves (worn)
 q - a +0 scale mail (worn)
Jewellery
 o - a +1 ring of protection (left hand)
 s - a ring of insulation (right hand)
Scrolls
 b - a scroll of remove curse
 i - 4 scrolls of magic mapping
 k - a scroll of enchant armour {unknown}
 l - a scroll of enchant weapon {unknown}
 p - a scroll of amnesia
Potions
 h - 2 potions of curing
 j - a potion of berserk rage
Comestibles
 f - 2 rations {!d}


   Skills:
 + Level 3.6 Fighting
 * Level 4.9 Staves
 - Level 1.7 Throwing
 + Level 2.5 Armour
 + Level 3.9 Dodging


You had 5 spell levels left.
You didn't know any spells.
Your spell library was empty.

Dungeon Overview and Level Annotations

Branches:
Dungeon (4/12)
 Temple: D:4-7

Altars:
Hepliaklqana

Annotations:
D:4 Edmund, Natasha


Innate Abilities, Weirdness & Mutations

You have sharp toenails.
You regenerate a little health from kills.


Message History

You hit Edmund but do no damage.
Edmund is heavily wounded.
The ogre barely misses you. Edmund misses you.
You sock Edmund! You claw Edmund, but do no damage.
Edmund is almost dead.
Natasha casts a spell.
You hit Edmund but do no damage. You claw Edmund, but do no damage.
Edmund is almost dead.
Edmund hits you with a +2 flail of protection!
The ogre closely misses you.
Natasha hisses.
You hit Edmund but do no damage. You claw Edmund, but do no damage.
Edmund is almost dead.
Edmund misses you. The ogre barely misses you.
You hit Edmund. Your kick misses Edmund.
Edmund is almost dead.
Natasha growls.
Edmund completely misses you.
The ogre hits you with a +0 giant club!!
You die...

#### #...#..##..#..
#**##..#####..#########
##.*#...##.#...#
*#..##........#.# *****
*.....#......#### *,,,*
*.....#....###*,* *,,,*
*........#..#*,,* *,,,*
***###......#.>#*,* **+**
**,,...!...@##..).,* **,*
**,,,.....##@O##....# *,**
**,,,,.....,5h5.#....# **,*
**,,,,,.[..,#.5.##....# *,**
*,,,,,,...,,#...#*....# **,**
**,,,*,,...,,.....,,,,,* *,,,**
*,,,**,,,*,,,.....,,,,,* **,,,*
**,,,*,,,,,,,.......,,,,* *+,,+*
*,,,**<,,*,,,,,,,,,,**,,***,,,,**


You could see Edmund, an ogre, Natasha, a crimson imp, a white imp and a shadow
imp.

Vanquished Creatures
  A sky beast (D:4)
  The ghost of yrara the Covered, an amateur GrFi (D:3)
  A crimson imp (D:4)
  A bullfrog skeleton (D:4)
  Natasha (twice) (D:4)
  A worker ant zombie (D:3)
  3 gnolls (D:3)
  5 adders (D:3)
  2 oozes
  An adder skeleton (D:3)
  2 worms
  3 dart slugs
  3 leopard geckos
  3 orcs (D:3)
  7 bats
  5 giant cockroaches
  4 goblins (D:1)
  6 hobgoblins
  2 jackals (D:3)
  2 quokkas
  5 frilled lizards
  12 kobolds
  2 quokka zombies (D:3)
  11 rats
  5 bushes (D:3)
  3 plants (D:3)
93 creatures vanquished.

Vanquished Creatures (others)
  2 plants (D:3)
2 creatures vanquished.

Grand Total: 95 creatures vanquished

Notes
Turn   | Place    | Note
-------+----------+-------------------------------------------
     0 | D:1      | Freyura the Demonspawn Gladiator began the quest for the
                  | Orb.
     0 | D:1      | Reached XP level 1. HP: 16/16 MP: 1/1
    74 | D:1      | Gained mutation: You have sharp toenails. [demonic
                  | ancestry]
    74 | D:1      | Reached XP level 2. HP: 21/22 MP: 2/2
   117 | D:1      | Reached skill level 3 in Staves
   337 | D:1      | Reached XP level 3. HP: 27/28 MP: 3/3
   577 | D:1      | Reached skill level 1 in Armour
   952 | D:2      | Found a hazy altar of Hepliaklqana.
  1466 | D:3      | Found a transporter.
  1467 | D:3      | Noticed yrara's ghost (amateur GrFi)
  1494 | D:3      | Gained mutation: You regenerate a little health from kills.
                  | [demonic ancestry]
  1494 | D:3      | Reached XP level 4. HP: 24/34 MP: 4/4
  1927 | D:3      | Found a transporter.
  2269 | D:3      | Reached XP level 5. HP: 36/40 MP: 5/5
  2315 | D:3      | Reached skill level 4 in Staves
  3370 | D:3      | Killed yrara's ghost
  3593 | D:4      | Reached XP level 6. HP: 46/47 MP: 6/6
  3594 | D:4      | Noticed Natasha
  3597 | D:4      | Killed Natasha
  3644 | D:4      | Noticed Natasha
  3646 | D:4      | Noticed a sky beast
  3652 | D:4      | Killed Natasha
  3667 | D:4      | Killed a sky beast
  3948 | D:4      | Noticed Edmund
  3955 | D:4      | Noticed Natasha
  3970 | D:4      | Slain by an ogre

Skill      XL: |  1  2  3  4  5 |
---------------+----------------+-----
Staves         | 3 4 |  4.9
Dodging        | 3 |  3.9
Armour         | 1 2 |  2.5
Fighting       | 3 |  3.6
Throwing       | |  1.7

Action                   |  1- 3 |  4- 6 || total
-------------------------+-------+-------++-------
Melee: Quarterstaff      |   102 |   562 ||   664
       Kick              |    11 |   251 ||   262
  Use: Potion            |       |     6 ||     6
       Scroll            |       |     6 ||     6
 Stab: Sleeping          |     1 |       ||     1
  Eat: Chunk             |     1 |     5 ||     6
       Ration            |       |     2 ||     2
Armor: Leather armour    |    22 |       ||    22
       Ring mail         |    12 |    38 ||    50
       Scale mail        |       |    29 ||    29
Dodge: Dodged            |    74 |   113 ||   187
